[Event "Titled Tuesday Blitz July 4 Late 2023"]
[White "Zhigalko, Sergei"]
[Black "Ballester Llagaria, Luis Eduardo"]
[WhiteFideId "13502956"]
[BlackFideId "2297620"]
[WhiteElo "2887"]
[BlackElo "2597"]
[Result "1-0"]
[Round "5"]
[TimeControl "180+2"]
[Date "2023.07.04"]
[WhiteClock "0:00:37"]
[BlackClock "0:00:22"]
[Board "24"]

1. e4 c5 2. Nf3 e6 3. c3 d5 4. e5 d4 5. Bd3 Nc6 6. O-O Nge7 7. Re1 b6 8. Be4 Bb7 9. d3 Ng6 10. g3 Qc7 11. Qe2 Be7 12. h4 Nf8 13. Na3 a6 14. Bf4 dxc3 15. bxc3 b5 16. c4 b4 17. Nc2 Nd7 18. h5 h6 19. Ne3 Nb6 20. Nd5 exd5 21. cxd5 Nxd5 22. Bxd5 Nd4 23. Nxd4 Bxd5 24. e6 Qb7 25. exf7+ Kxf7 26. Nf5 Rhe8 27. Qg4 Bf8 28. Nxh6+ 1-0


[Site "https://www.chess.com"]

[Event "Titled Tuesday Blitz July 4 Late 2023"]
[White "Zavgorodniy, Sergiy"]
[Black "Dardha, Daniel"]
[WhiteFideId "14110148"]
[BlackFideId "240990"]
[WhiteElo "2596"]
[BlackElo "2885"]
[Result "1-0"]
[Round "5"]
[TimeControl "180+2"]
[Date "2023.07.04"]
[WhiteClock "0:00:06"]
[BlackClock "0:00:06"]
[Board "25"]

1. d4 g5 2. Bxg5 Bg7 3. c3 c5 4. e3 Qb6 5. Qb3 cxd4 6. Qxb6 axb6 7. exd4 d5 8. Bd3 Nc6 9. Nd2 f6 10. Be3 e5 11. Ne2 Nge7 12. f3 Bf5 13. Bxf5 Nxf5 14. Bf2 Bh6 15. dxe5 Nxe5 16. Nc1 O-O-O 17. Ndb3 Rhg8 18. O-O Nxf3+ 19. Kh1 Ng5 20. Bxb6 Rd6 21. Bc5 Ne4 22. Rxf5 Nxc5 23. Nxc5 Re8 24. N1b3 Re2 25. Nd3 Re3 26. Rf3 Re4 27. Nd4 Rd7 28. Rxf6 Bg7 29. Rf3 Bxd4 30. cxd4 Rxd4 31. Rc1+ Kb8 32. h3 Re7 33. Rc2 Ka7 34. Kh2 h5 35. b3 h4 36. Nf4 Re1 37. Ng6 Re6 38. Nf4 Re1 39. Nd3 Ra1 40. Nf2 Re1 41. Rd3 Rf4 42. Rxd5 Rf1 43. Rdd2 Rf7 44. Nd3 Ra1 45. Rf2 Rd7 46. Rcd2 Re7 47. Rde2 Rd7 48. Rd2 Re7 49. Rfe2 Rf7 50. Nf2 Rc7 51. g3 hxg3+ 52. Kxg3 Rg1+ 53. Kh2 Rcg7 54. Ng4 Ra1 55. Rg2 Rh7 56. Rde2 Rc1 57. Re3 Rc5 58. Rf2 Rg5 59. Kg3 Rg8 60. Ref3 Rgh8 61. Kg2 Rg8 62. Rf7 Rh5 63. Re2 Rgh8 64. Re3 Rc5 65. Nf2 Rg8+ 66. Kh2 Rc2 67. Ree7 Ka6 68. Rxb7 Rc1 69. Rbe7 Rcg1 70. Ng4 Ra1 71. Re2 Rb1 72. Rf6+ Ka5 73. Ref2 Kb4 74. R6f5 Rh8 75. R5f4+ Kb5 76. R4f3 Rc1 77. a4+ Kb4 78. Rg3 Rc6 79. Rf4+ Ka3 80. a5 Rc2+ 81. Rg2 Rc3 82. Rg3 Rc2+ 83. Rf2 Rc5 84. Rgf3 Rxa5 85. Kg3 Rah5 86. b4+ Kxb4 87. Rh2 R5h7 88. h4 Rg7 89. h5 Kc5 90. Rf4 Kd6 91. h6 Rg6 92. Rf6+ Rxf6 93. Nxf6 Ke6 94. Ng4 Kf5 95. Kh4 Kg6 96. Re2 Rc8 97. Re6+ Kh7 98. Re5 Rc7 99. Kh5 Rf7 100. Rg5 Kh8 101. Kg6 Kg8 102. Re5 Rg7+ 103. Kh5 Rf7 104. Re8+ Kh7 105. Re4 Rf5+ 106. Kh4 Rb5 107. Re6 Rb7 108. Rf6 Rc7 109. Rf5 Kg6 110. Rg5+ Kh7 111. Kh5 Rf7 112. Rg6 Rf5+ 113. Rg5 Rf7 114. Rd5 Kg8 115. Kg6 Rg7+ 116. Kh5 Rf7 117. Rd8+ Kh7 118. Rd7 Rxd7 119. Nf6+ Kh8 120. Nxd7 Kg8 121. Kg6 Kh8 122. Ne5 Kg8 123. Nf7 Kf8 124. h7 1-0


[Site "https://www.chess.com"]

[Event "Titled Tuesday Blitz July 4 Late 2023"]
[White "Erdogmus, Yagiz Kaan"]
[Black "Subelj, Jan"]
[WhiteFideId "44599790"]
[BlackFideId "14618583"]
[WhiteElo "2880"]
[BlackElo "2594"]
[Result "0-1"]
[Round "5"]
[TimeControl "180+2"]
[Date "2023.07.04"]
[WhiteClock "0:00:00"]
[BlackClock "0:00:47"]
[Board "26"]

1. e4 d6 2. d4 Nf6 3. Nc3 e5 4. Nf3 Nbd7 5. Bc4 Be7 6. O-O O-O 7. Re1 c6 8. a4 Qc7 9. h3 b6 10. Be3 Bb7 11. Ba2 a6 12. Nh4 Rfe8 13. Nf5 Bf8 14. g4 exd4 15. Bxd4 g6 16. g5 Nh5 17. Ng3 Nxg3 18. fxg3 Ne5 19. Rf1 Re7 20. Rf6 Bg7 21. Qe2 Bc8 22. Bxe5 dxe5 23. Rxf7 Rxf7 24. Rf1 Kh8 25. Rxf7 Qd6 26. h4 Be6 27. Bxe6 Qxe6 28. Qf2 b5 29. axb5 axb5 30. Rb7 Rf8 31. Qa7 Qh3 32. Rf7 Qxg3+ 33. Kf1 Qh3+ 34. Ke2 Qg2+ 35. Kd1 Qh1+ 36. Kd2 Rd8+ 0-1


[Site "https://www.chess.com"]

[Event "Titled Tuesday Blitz July 4 Late 2023"]
[White "Yurovskykh, Oleksandr"]
[Black "Ter-Sahakyan, Samvel"]
[WhiteFideId "14134020"]
[BlackFideId "13302531"]
[WhiteElo "2581"]
[BlackElo "2864"]
[Result "0-1"]
[Round "5"]
[TimeControl "180+2"]
[Date "2023.07.04"]
[WhiteClock "0:00:00"]
[BlackClock "0:00:04"]
[Board "27"]

1. d4 Nf6 2. Nf3 g6 3. Nbd2 Bg7 4. e4 O-O 5. e5 Nd5 6. Bc4 Nb6 7. Bb3 a5 8. a4 d6 9. exd6 exd6 10. O-O d5 11. Re1 c6 12. c3 Bf5 13. Bc2 Bxc2 14. Qxc2 N8d7 15. Nb3 Qc7 16. g3 Nc4 17. Bf4 Qb6 18. Nfd2 Nxd2 19. Nxd2 Rfe8 20. Qb3 Qa6 21. Nf1 Nf6 22. Be5 Ne4 23. Bxg7 Kxg7 24. Qc2 h5 25. Nd2 Nxd2 26. Qxd2 Qb6 27. Rxe8 Rxe8 28. Re1 Rxe1+ 29. Qxe1 Qxb2 30. Qe5+ Kh7 31. Qc7 Qb1+ 32. Kg2 Qe4+ 33. Kg1 Kg7 34. Qxa5 h4 35. gxh4 Qg4+ 36. Kf1 Qxh4 37. Kg1 Qg4+ 38. Kf1 Qf4 39. Kg1 g5 40. Qb4 Qg4+ 41. Kf1 Qh3+ 42. Kg1 Qd7 43. a5 f5 44. h3 f4 45. Kg2 g4 46. hxg4 Qxg4+ 47. Kf1 Qd7 48. Ke2 Qe6+ 49. Kd2 Qd7 50. Qb1 Kf6 51. Qh1 Qg7 52. Qh4+ Kf5 53. Qh5+ Kf6 54. Qe5+ Kg6 55. Qe8+ Kf5 56. Qc8+ Kg5 57. f3 Kh4 58. Kc2 Kg3 59. Kb3 Kxf3 60. Kb4 Ke3 61. Qe6+ Kd2 0-1


[Site "https://www.chess.com"]

[Event "Titled Tuesday Blitz July 4 Late 2023"]
[White "Sebag, Marie"]
[Black "Elsa167"]
[WhiteFideId "617822"]
[WhiteElo "2577"]
[BlackElo "2858"]
[Result "1-0"]
[Round "5"]
[TimeControl "180+2"]
[Date "2023.07.04"]
[WhiteClock "0:00:06"]
[BlackClock "0:00:07"]
[Board "28"]

1. e4 e6 2. d4 d5 3. Nd2 c5 4. exd5 Qxd5 5. Ngf3 cxd4 6. Bc4 Qd7 7. O-O Nc6 8. Qe2 Nf6 9. Rd1 a6 10. a4 Qc7 11. Nb3 Bd7 12. Nbxd4 Be7 13. b3 O-O 14. Bb2 Rfd8 15. h3 Nxd4 16. Bxd4 Bc6 17. Ne5 Bd5 18. Bd3 Rac8 19. Bb2 a5 20. Ng4 Nxg4 21. Qxg4 Bf8 22. Bf6 Re8 23. Re1 g6 24. h4 Bg7 25. Bxg7 Kxg7 26. h5 Qc3 27. Rad1 Red8 28. Re3 f5 29. h6+ Kg8 30. Qg5 Rf8 31. Rg3 Qf6 32. Qe3 f4 33. Rxg6+ hxg6 34. Qh3 Kh7 35. Re1 Qg5 36. f3 Qxh6 37. Qg4 Qh5 38. Qxh5+ Kg7 39. Qxg6+ Kh8 40. Qh7# 1-0


[Site "https://www.chess.com"]

[Event "Titled Tuesday Blitz July 4 Late 2023"]
[White "Henriquez Villagra, Cristobal"]
[Black "Sousa, Andre Ventura"]
[WhiteFideId "3409350"]
[BlackFideId "1917617"]
[WhiteElo "2852"]
[BlackElo "2576"]
[Result "1-0"]
[Round "5"]
[TimeControl "180+2"]
[Date "2023.07.04"]
[WhiteClock "0:00:25"]
[BlackClock "0:00:10"]
[Board "29"]

1. Nc3 d5 2. Nf3 Nf6 3. e3 g6 4. g3 Bg7 5. Bg2 O-O 6. O-O c5 7. d4 cxd4 8. exd4 Nc6 9. Ne5 e6 10. Ne2 Nxe5 11. dxe5 Ng4 12. f4 Qb6+ 13. Qd4 f6 14. Qxb6 axb6 15. h3 Nh6 16. exf6 Bxf6 17. g4 Nf7 18. c3 Bd7 19. Be3 b5 20. a3 Nd6 21. Rad1 Nc4 22. Bc1 Rae8 23. Nd4 Kg7 24. Rfe1 Bh4 25. Re2 Bg3 26. Rf1 h5 27. b3 Nd6 28. Rf3 h4 29. Re5 Ne4 30. Ne2 Rc8 31. Rd3 b4 32. Bxe4 bxa3 33. Bxa3 Rf7 34. Nxg3 Bb5 35. Re3 dxe4 36. Nxe4 Rxf4 37. c4 Bc6 38. Bb2 Kh6 39. g5+ Kh7 40. Nf6+ Kh8 41. Rxe6 Rd8 42. Nd5+ Kg8 43. Nxf4 Rd1+ 44. Kf2 Rd2+ 45. Re2 1-0


[Site "https://www.chess.com"]

[Event "Titled Tuesday Blitz July 4 Late 2023"]
[White "Vovk, Orest"]
[Black "Kantor, Gergely"]
[WhiteFideId "14113490"]
[BlackFideId "751499"]
[WhiteElo "2571"]
[BlackElo "2831"]
[Result "1-0"]
[Round "5"]
[TimeControl "180+2"]
[Date "2023.07.04"]
[WhiteClock "0:00:16"]
[BlackClock "0:00:00"]
[Board "30"]

1. g4 d5 2. Bg2 c6 3. h3 e5 4. d4 e4 5. c4 h5 6. Nc3 hxg4 7. cxd5 gxh3 8. Bxh3 cxd5 9. Bd7+ Qxd7 10. Rxh8 Nf6 11. Qb3 Nc6 12. Qa3 Ne7 13. Bg5 Ng6 14. Rxf8+ Nxf8 15. Bxf6 gxf6 16. O-O-O Qc6 17. e3 Bg4 18. Rd2 Nd7 19. Ne2 Nb6 20. Rc2 Rc8 21. Nf4 a6 22. b3 Kd7 23. Kb2 Be6 24. Rc1 Qc7 25. Nce2 Qd6 26. Rc5 Rc6 27. Nc3 1-0


[Site "https://www.chess.com"]

[Event "Titled Tuesday Blitz July 4 Late 2023"]
[White "Oro, Faustino"]
[Black "D`Arruda, Ricardo D."]
[WhiteFideId "20000197"]
[BlackFideId "100692"]
[WhiteElo "2827"]
[BlackElo "2568"]
[Result "1-0"]
[Round "5"]
[TimeControl "180+2"]
[Date "2023.07.04"]
[WhiteClock "0:00:16"]
[BlackClock "0:00:08"]
[Board "31"]

1. e4 c5 2. Nf3 Nc6 3. Bb5 g6 4. O-O Bg7 5. c3 Nf6 6. Re1 O-O 7. d4 cxd4 8. cxd4 d5 9. e5 Ne4 10. Nbd2 Bf5 11. Nb3 Qb6 12. Bd3 Rfd8 13. Be3 Rac8 14. Rc1 Nb4 15. Bb1 Rxc1 16. Bxc1 Nxf2 17. Kxf2 Bxb1 18. Kg1 Bxa2 19. Nc5 Bc4 20. Bg5 f6 21. exf6 exf6 22. Bh4 g5 23. Bg3 Qc6 24. Re6 Qb5 25. b3 Bd3 26. Re7 Bc2 27. Qe1 Nd3 28. Rxg7+ Kxg7 29. Qe7+ Kg6 30. Qxd8 Nxc5 31. Qg8+ Kh6 32. Qf8+ Kg6 33. dxc5 Qxb3 34. Qg8+ Kh6 35. h4 Qe3+ 36. Kh2 gxh4 37. Qf8+ Kh5 38. Nxh4 Be4 39. Qxf6 Qg5 40. Qf7+ Bg6 41. Qxb7 d4 42. c6 d3 43. c7 Bf5 44. Nxf5 Qxf5 45. c8=Q 1-0


[Site "https://www.chess.com"]

[Event "Titled Tuesday Blitz July 4 Late 2023"]
[White "Stribuk, Artiom"]
[Black "Kirillov, Dmitry"]
[WhiteFideId "13515659"]
[BlackFideId "34180572"]
[WhiteElo "2812"]
[BlackElo "2542"]
[Result "1-0"]
[Round "5"]
[TimeControl "180+2"]
[Date "2023.07.04"]
[WhiteClock "0:00:08"]
[BlackClock "0:00:00"]
[Board "32"]

1. d4 Nf6 2. c4 e6 3. Nc3 Bb4 4. Qc2 O-O 5. a3 Bxc3+ 6. Qxc3 b6 7. Bg5 Bb7 8. e3 h6 9. Bh4 d6 10. f3 Nbd7 11. Bd3 e5 12. Ne2 exd4 13. Nxd4 Re8 14. O-O Ne5 15. Be2 Ng6 16. Bf2 c5 17. Nf5 d5 18. Rad1 d4 19. Qc2 dxe3 20. Rxd8 exf2+ 21. Kxf2 Raxd8 22. Rd1 Rxd1 23. Qxd1 Bc8 24. Ne3 Nf4 25. Bf1 Ne6 26. Qd6 Nd4 27. Qc7 Bf5 28. Qxa7 Re6 29. b4 cxb4 30. axb4 Bg6 31. c5 bxc5 32. Qxc5 Nc6 33. Bc4 Ne5 34. b5 Kh7 35. b6 Nxc4 36. Nxc4 Bd3 37. b7 Bxc4 38. Qxc4 Rb6 39. Qc7 Rb2+ 40. Ke1 Rb1+ 41. Kd2 Rb2+ 42. Kc1 Rxb7 43. Qxb7 Kg6 44. Qb1+ Kg5 45. Kd2 g6 46. Qb5+ 1-0


[Site "https://www.chess.com"]

[Event "Titled Tuesday Blitz July 4 Late 2023"]
[White "Kanyamarala, Tarun"]
[Black "Hamidi, Amir Mohammad"]
[WhiteFideId "45004714"]
[BlackFideId "12563285"]
[WhiteElo "2541"]
[BlackElo "2797"]
[Result "0-1"]
[Round "5"]
[TimeControl "180+2"]
[Date "2023.07.04"]
[WhiteClock "0:00:58"]
[BlackClock "0:02:01"]
[Board "33"]

1. d4 Nf6 2. c4 d6 3. Nc3 e5 4. Nf3 Nbd7 5. g3 g6 6. Bg2 exd4 7. Nxd4 Bg7 8. O-O O-O 9. e4 Re8 10. h3 Nc5 11. Re1 a5 12. Bf4 Nfd7 13. Ndb5 Ne5 14. Nd5 c6 15. Ndc7 cxb5 16. Nxe8 Qxe8 17. Qxd6 Ncd3 18. Red1 Nxf4 19. gxf4 Nxc4 20. Qd8 Be6 21. Qxe8+ Rxe8 22. f5 Bc8 23. a4 Nxb2 24. Rd5 bxa4 0-1


[Site "https://www.chess.com"]

[Event "Titled Tuesday Blitz July 4 Late 2023"]
[White "Hambleton, Aman"]
[Black "Arencibia Monduy, Antonio"]
[WhiteFideId "2606577"]
[BlackFideId "3507939"]
[WhiteElo "2797"]
[BlackElo "2541"]
[Result "1-0"]
[Round "5"]
[TimeControl "180+2"]
[Date "2023.07.04"]
[WhiteClock "0:00:03"]
[BlackClock "0:00:00"]
[Board "34"]

1. d4 Nf6 2. Bf4 e6 3. e3 d5 4. Nd2 Bd6 5. Ngf3 Bxf4 6. exf4 Nbd7 7. Bd3 O-O 8. c3 c5 9. O-O cxd4 10. Nxd4 e5 11. fxe5 Nxe5 12. Be2 Re8 13. Re1 Bd7 14. Bf1 Qc7 15. h3 a6 16. N2f3 Ng6 17. Rxe8+ Rxe8 18. Qc2 Ne5 19. Nxe5 Qxe5 20. Bd3 Qg5 21. Kh2 Qf4+ 22. g3 Qh6 23. Bf1 Ng4+ 24. Kg1 Nf6 25. h4 Qh5 26. Bg2 Qe5 27. Qd2 h6 28. Rd1 Bg4 29. Rc1 b5 30. a3 Qc7 31. Bf1 Qd7 32. f3 Bh3 33. Bd3 Be6 34. Re1 Qd6 35. Kf2 Bd7 36. Rxe8+ Bxe8 37. Qe3 Bd7 38. Ne2 Be6 39. Qf4 Qd7 40. g4 Nh7 41. g5 hxg5 42. Bxh7+ Kxh7 43. hxg5 Kg8 44. Nd4 Qa7 45. Qe5 Qb6 46. g6 Kf8 47. gxf7 Kxf7 48. Kg3 1-0


[Site "https://www.chess.com"]

[Event "Titled Tuesday Blitz July 4 Late 2023"]
[White "Novik, Maxim"]
[Black "Tristan, Leonardo"]
[WhiteFideId "4102924"]
[BlackFideId "113816"]
[WhiteElo "2528"]
[BlackElo "2779"]
[Result "0-1"]
[Round "5"]
[TimeControl "180+2"]
[Date "2023.07.04"]
[WhiteClock "0:00:23"]
[BlackClock "0:01:12"]
[Board "35"]

1. e4 d5 2. exd5 Qxd5 3. Nc3 Qa5 4. d4 Nf6 5. Nf3 Bf5 6. Bc4 e6 7. Bd2 Bb4 8. a3 Bxc3 9. Bxc3 Qb6 10. O-O Nc6 11. h3 O-O 12. Qe2 Rad8 13. Rad1 Rfe8 14. Nh4 Nxd4 15. Bxd4 Rxd4 16. Rxd4 Qxd4 17. Nxf5 exf5 18. Qd3 Qxb2 19. Qxf5 Qxa3 20. Rd1 Qc3 21. Bb3 Qe5 22. Qf3 c6 23. Rd7 Nxd7 24. Qxf7+ Kh8 25. Qxd7 Qe7 26. Qd4 Qe1+ 27. Kh2 Qe5+ 28. Qxe5 Rxe5 29. f4 Re3 30. g4 a5 31. Kg2 b5 32. Kf2 Rxb3 33. cxb3 a4 0-1


[Site "https://www.chess.com"]

[Event "Titled Tuesday Blitz July 4 Late 2023"]
[White "Plat, Vojtech"]
[Black "Womacka, Mathias"]
[WhiteFideId "325740"]
[BlackFideId "4611390"]
[WhiteElo "2760"]
[BlackElo "2526"]
[Result "1-0"]
[Round "5"]
[TimeControl "180+2"]
[Date "2023.07.04"]
[WhiteClock "0:02:08"]
[BlackClock "0:01:02"]
[Board "36"]

1. e4 c5 2. Nf3 d6 3. Nc3 Nf6 4. e5 dxe5 5. Nxe5 a6 6. g3 Qd6 7. Qe2 Nc6 8. Nxc6 Qxc6 9. Rg1 Bg4 10. Qe3 e6 11. Bg2 Qc7 12. d3 Be7 13. Bd2 O-O 14. h3 Bh5 15. g4 Bg6 16. O-O-O Rac8 17. Bf3 b5 18. h4 h5 19. gxh5 Nxh5 20. Bxh5 Bxh5 21. Rxg7+ Kxg7 22. Qh6+ Kg8 23. Qxh5 Bf6 24. Rg1+ Bg7 25. Rxg7+ Kxg7 26. Bh6+ Kh7 27. Bf4+ Kg7 28. Bxc7 1-0


[Site "https://www.chess.com"]

[Event "Titled Tuesday Blitz July 4 Late 2023"]
[White "Ghazarian, Kirk"]
[Black "musclemonster12"]
[WhiteFideId "30908604"]
[WhiteElo "2759"]
[BlackElo "2524"]
[Result "0-1"]
[Round "5"]
[TimeControl "180+2"]
[Date "2023.07.04"]
[WhiteClock "0:00:02"]
[BlackClock "0:00:10"]
[Board "37"]

1. e4 c5 2. b3 g6 3. Bb2 Nf6 4. e5 Nd5 5. e6 f6 6. c4 Nc7 7. exd7+ Bxd7 8. Nf3 e5 9. g3 Nc6 10. Bg2 Bg7 11. O-O O-O 12. Nc3 Bf5 13. Re1 Qd7 14. Ne4 b6 15. a3 a5 16. Nc3 Rad8 17. Nb5 Kh8 18. Nc3 Rfe8 19. Kh1 Bg4 20. Qc1 Bh6 21. Ne4 Qf7 22. Ra2 Bg7 23. Bc3 h6 24. Ba1 Bc8 25. Nc3 Re6 26. Nb5 Nxb5 27. cxb5 Ne7 28. b4 axb4 29. axb4 cxb4 30. Qc7 Rd7 31. Qc4 Bb7 32. Ra7 Bd5 33. Rxd7 Bxc4 34. Rd8+ Kh7 35. Nh4 f5 36. Nf3 e4 37. Nd4 Re5 38. Nc6 Nxc6 39. bxc6 Rd5 40. Rc8 Bxa1 41. c7 Rc5 42. Rxa1 Rxc7 43. Rd8 Be6 44. h3 b3 45. Raa8 b2 46. Rh8+ Kg7 0-1


[Site "https://www.chess.com"]

[Event "Titled Tuesday Blitz July 4 Late 2023"]
[White "Barski, Radoslaw"]
[Black "Morefield, Jason"]
[WhiteFideId "1131710"]
[BlackFideId "30920825"]
[WhiteElo "2518"]
[BlackElo "2759"]
[Result "0-1"]
[Round "5"]
[TimeControl "180+2"]
[Date "2023.07.04"]
[WhiteClock "0:00:22"]
[BlackClock "0:02:03"]
[Board "38"]

1. e4 c5 2. Nf3 d6 3. Bb5+ Bd7 4. Bxd7+ Nxd7 5. O-O Ngf6 6. Qe2 e6 7. b3 Qb6 8. Bb2 Be7 9. c4 O-O 10. d4 cxd4 11. Nxd4 Rfe8 12. Kh1 d5 13. e5 Ne4 14. cxd5 exd5 15. f4 Bc5 16. Nf5 Qg6 17. Ne3 d4 18. Nf5 Qxf5 0-1


[Site "https://www.chess.com"]

[Event "Titled Tuesday Blitz July 4 Late 2023"]
[White "Mattheii"]
[Black "Fernandez Guillen, Ernesto J."]
[BlackFideId "3512428"]
[WhiteElo "2515"]
[BlackElo "2733"]
[Result "0-1"]
[Round "5"]
[TimeControl "180+2"]
[Date "2023.07.04"]
[WhiteClock "0:00:00"]
[BlackClock "0:00:10"]
[Board "39"]

1. d4 Nf6 2. c4 g6 3. Nc3 d6 4. e4 Bg7 5. h3 O-O 6. Bg5 Nc6 7. Nf3 e5 8. d5 Ne7 9. Bd3 Nh5 10. g3 c5 11. Qd2 f6 12. Bh6 a6 13. Bxg7 Kxg7 14. a4 b6 15. Ne2 g5 16. g4 Nf4 17. Nxf4 exf4 18. Ke2 Ng6 19. Rag1 Re8 20. h4 h6 21. Kd1 b5 22. cxb5 axb5 23. Bxb5 Bd7 24. hxg5 hxg5 25. Qc3 Bxb5 26. axb5 Ra1+ 27. Kc2 Rxg1 28. Rxg1 Kf7 29. Nd2 Ne5 30. f3 Qa8 31. Qa3 Qb7 32. Qa6 Rb8 33. Qxd6 Qxb5 34. Qc7+ Nd7 35. b3 c4 36. Qxc4 Qb6 37. d6+ Kg7 38. Rh1 Ne5 39. Qe6 Qb7 40. Qe7+ Qxe7 41. dxe7 Re8 42. Kc3 Rxe7 43. Ra1 Rc7+ 44. Kb2 Rd7 45. Kc3 Rd3+ 46. Kc2 Re3 47. Ra7+ Kg6 48. b4 Re2 49. Kc3 Nxf3 50. Nxf3 Re3+ 51. Kd4 Rxf3 52. b5 Rb3 53. Kc4 Rb1 54. Ra3 Re1 55. Kd5 Rd1+ 56. Kc6 Rc1+ 57. Kb7 Rc4 58. b6 Rxe4 59. Kb8 f5 60. gxf5+ Kxf5 61. b7 Rb4 62. Kc7 Kg4 63. Ra6 Rxb7+ 64. Kxb7 f3 65. Ra2 Kg3 66. Kc6 f2 67. Ra1 Kf3 68. Kd5 g4 69. Kd4 g3 70. Ra3+ Kg2 71. Ra2 Kg1 72. Ke3 f1=Q 0-1


[Site "https://www.chess.com"]

[Event "Titled Tuesday Blitz July 4 Late 2023"]
[White "Dixit, Nikhil"]
[Black "Wieczorek, Oskar"]
[WhiteFideId "5059534"]
[BlackFideId "1133950"]
[WhiteElo "2504"]
[BlackElo "2724"]
[Result "1-0"]
[Round "5"]
[TimeControl "180+2"]
[Date "2023.07.04"]
[WhiteClock "0:00:30"]
[BlackClock "0:01:48"]
[Board "40"]

1. e4 c5 2. Nf3 e6 3. b3 a6 4. Bb2 d5 5. exd5 exd5 6. Qe2+ Be6 7. d4 Nf6 8. Ng5 Qd7 9. Nxe6 Qxe6 10. Nd2 Nc6 11. Qxe6+ fxe6 12. dxc5 Bxc5 13. Bd3 O-O 14. f3 Rac8 15. Ke2 Bd4 16. Rab1 Bxb2 17. Rxb2 Nd4+ 18. Kf2 Ng4+ 19. Kg3 Ne5 20. Re1 Nxd3 21. cxd3 Rc3 22. Nf1 Rxd3 23. Rd2 Rxd2 24. Nxd2 Rc8 25. f4 Rc2 26. Nf3 Nxf3 27. Kxf3 Kf8 28. Rxe6 Rxa2 29. Rb6 Rb2 30. Rxb7 a5 31. Rb5 a4 32. bxa4 Ra2 33. Rxd5 Rxa4 34. Rd3 h6 35. Re3 Ra1 36. g3 Kf7 37. Kg2 Kf6 38. Rf3 Ra2+ 39. Rf2 Ra1 40. Rf1 g5 41. Rxa1 1-0


[Site "https://www.chess.com"]

[Event "Titled Tuesday Blitz July 4 Late 2023"]
[White "Horcajuelo Rocamora, Martin"]
[Black "Ashraf, Artin"]
[WhiteFideId "24573027"]
[BlackFideId "22514805"]
[WhiteElo "2497"]
[BlackElo "2719"]
[Result "0-1"]
[Round "5"]
[TimeControl "180+2"]
[Date "2023.07.04"]
[WhiteClock "0:01:43"]
[BlackClock "0:01:12"]
[Board "41"]

1. e4 c5 2. Nf3 d6 3. d4 cxd4 4. Nxd4 Nf6 5. Nc3 a6 6. Be2 e5 7. Nf3 Be7 8. Bg5 Be6 9. Bxf6 Bxf6 10. Qd3 Be7 11. Nd5 Nd7 12. c4 O-O 13. O-O Bxd5 14. cxd5 g6 15. Nd2 f5 16. f3 Nc5 17. Qa3 Bg5 18. Nc4 b5 19. Nxe5 Qb6 20. f4 dxe5 21. fxg5 Nxe4+ 22. Kh1 Nf2+ 23. Rxf2 Qxf2 24. Qd3 Qd4 25. Qb3 Qa4 26. Qd3 Qe4 27. Qxe4 fxe4 28. Bg4 Rf2 29. d6 Rd8 30. d7 Rxb2 31. h4 Kf8 32. Re1 Rxa2 33. Rxe4 Ra4 34. Rxa4 bxa4 35. Kg1 Ke7 36. Kf2 a3 0-1


[Site "https://www.chess.com"]

[Event "Titled Tuesday Blitz July 4 Late 2023"]
[White "Jaracz, Pawel"]
[Black "Molenda, Marcin"]
[WhiteFideId "1102222"]
[BlackFideId "1173065"]
[WhiteElo "2712"]
[BlackElo "2495"]
[Result "1-0"]
[Round "5"]
[TimeControl "180+2"]
[Date "2023.07.04"]
[WhiteClock "0:01:03"]
[BlackClock "0:00:04"]
[Board "42"]

1. d4 Nf6 2. c4 g6 3. g3 Bg7 4. Bg2 c5 5. dxc5 Qa5+ 6. Nc3 Qxc5 7. Qd3 Nc6 8. b3 Ng4 9. Nh3 O-O 10. O-O d6 11. Bb2 Bf5 12. Qd2 a5 13. Nf4 Bh6 14. e3 Nf6 15. Rac1 Rfd8 16. Ncd5 Ne4 17. Bxe4 Bxe4 18. Qc3 e5 19. Nf6+ Kg7 20. Nxe4 1-0


[Site "https://www.chess.com"]

[Event "Titled Tuesday Blitz July 4 Late 2023"]
[White "Silva, Caio Henrique Angelico"]
[Black "Pulvett Marin, Daniel Eduardo"]
[WhiteFideId "22777210"]
[BlackFideId "3900410"]
[WhiteElo "2494"]
[BlackElo "2704"]
[Result "0-1"]
[Round "5"]
[TimeControl "180+2"]
[Date "2023.07.04"]
[WhiteClock "0:00:06"]
[BlackClock "0:01:05"]
[Board "43"]

1. d4 Nf6 2. Nf3 g6 3. g3 Bg7 4. Bg2 O-O 5. O-O d6 6. c4 c5 7. dxc5 dxc5 8. Nc3 Nc6 9. Be3 Be6 10. Qa4 Nd4 11. Rfd1 Bd7 12. Qa3 Nc2 13. Qxc5 b6 14. Qg5 h6 15. Qh4 g5 16. Bxg5 hxg5 17. Nxg5 Nxa1 18. Nd5 Re8 19. Nxf6+ exf6 20. Qh7+ Kf8 21. Nxf7 Kxf7 22. Bd5+ Be6 23. Bxe6+ Rxe6 24. Rxd8 Rxd8 25. Qb1 Red6 26. Kg2 Rd1 27. Qe4 R1d2 28. Qf5 Nc2 29. h4 Re8 30. Qh5+ Kf8 31. Qg6 Rexe2 32. h5 Rxf2+ 33. Kh3 Ne3 34. g4 Rf3+ 0-1


[Site "https://www.chess.com"]

[Event "Titled Tuesday Blitz July 4 Late 2023"]
[White "Taboas Rodriguez, Daniel"]
[Black "Papp, Levente"]
[WhiteFideId "2208466"]
[BlackFideId "751243"]
[WhiteElo "2468"]
[BlackElo "2697"]
[Result "1-0"]
[Round "5"]
[TimeControl "180+2"]
[Date "2023.07.04"]
[WhiteClock "0:00:30"]
[BlackClock "0:00:00"]
[Board "44"]

1. d4 e6 2. c4 b6 3. Nc3 Bb7 4. Nf3 Nf6 5. Bg5 h6 6. Bh4 Be7 7. e3 Ne4 8. Nxe4 Bxh4 9. Bd3 f5 10. Nc3 O-O 11. O-O d6 12. Qc2 Bxf3 13. gxf3 f4 14. Kh1 Kh8 15. Rg1 c6 16. Rg4 fxe3 17. fxe3 g5 18. Rag1 Rxf3 19. Rxh4 gxh4 20. Qg2 Rf7 21. Qg6 Qf8 22. Ne4 Nd7 23. Nxd6 Re7 24. Rf1 Qg7 25. Nf7+ Rxf7 26. Rxf7 Qxg6 27. Bxg6 Nf8 28. Be4 Rc8 29. Kg2 c5 30. d5 Rd8 31. Kh3 exd5 32. Bxd5 Nd7 33. Kxh4 Ne5 34. Rxa7 Rd6 35. Kh5 b5 36. b3 bxc4 37. bxc4 Nd7 38. e4 1-0


[Site "https://www.chess.com"]

[Event "Titled Tuesday Blitz July 4 Late 2023"]
[White "Bueno, Alfeu Junior Varela"]
[Black "Nasuta, Grzegorz"]
[WhiteFideId "2108879"]
[BlackFideId "1141686"]
[WhiteElo "2446"]
[BlackElo "2696"]
[Result "0-1"]
[Round "5"]
[TimeControl "180+2"]
[Date "2023.07.04"]
[WhiteClock "0:00:05"]
[BlackClock "0:00:10"]
[Board "45"]

1. e4 c5 2. Nc3 a6 3. g3 b5 4. Bg2 Bb7 5. d3 e6 6. f4 d5 7. exd5 Nf6 8. Qe2 Nxd5 9. Nxd5 Bxd5 10. Nf3 Be7 11. Ne5 O-O 12. O-O Bf6 13. Bd2 Nd7 14. Nc6 Qc7 15. Bxd5 exd5 16. Ne7+ Bxe7 17. Qxe7 Rae8 18. Qg5 Nf6 19. Rae1 Qd7 20. Re5 h6 21. Qh4 d4 22. Rfe1 Kh7 23. f5 Rxe5 24. Rxe5 Re8 25. Qf4 Rxe5 26. Qxe5 Qc6 27. Qe2 Qd5 28. b3 Qxf5 29. a4 Nd5 30. Qe4 Qxe4 31. dxe4 Nb6 32. axb5 axb5 33. Bf4 Kg6 34. Bd6 Nd7 35. Kf2 Kf6 36. Ke2 Ke6 37. Bc7 Ne5 38. Bb6 Kd6 39. Ba7 Kc6 40. Bb8 f6 41. b4 c4 42. Kd2 Nf3+ 43. Ke2 Ng5 44. e5 f5 45. h4 Ne6 46. Bd6 Kd5 47. Be7 g6 48. Bf6 Ke4 49. Kd2 g5 50. hxg5 hxg5 51. Ke2 f4 52. gxf4 Kxf4 53. Kf2 g4 54. Ke2 g3 55. Bh4 Kg4 56. Bf6 Kh3 57. Kf1 Kh2 58. Bh4 g2+ 59. Ke2 g1=Q 60. Bf2 Qg2 61. Ke1 Qf3 62. Bxd4 Nxd4 63. Kd2 Qe2+ 64. Kc3 Qe3+ 0-1


[Site "https://www.chess.com"]